 Dungeon Crawl Stone Soup version 0.19.5 (webtiles) character file.

201 raph the Conjurer (level 5, -3/28 HPs)
             Began as a Deep Elf Conjurer on May 13, 2017.
             Was an Initiate of Vehumet.
             Killed by divine providence
             ... invoked by an orc priest
              (10 damage)
             ... on level 3 of the Dungeon.
             The game lasted 00:06:48 (3418 turns).

raph the Conjurer (Deep Elf Conjurer)               Turns: 3418, Time: 00:06:49

Health: -3/28      AC:  4    Str:  5    XL:     5   Next: 50%
Magic:  1/13       EV: 13    Int: 21    God:    Vehumet [......]
Gold:   169        SH:  0    Dex: 15    Spells: 4 memorised, 3 levels left

rFire  . . .     SeeInvis .     j - +1 dagger (flame)
rCold  . . .     Gourm    .     e - +0 leather armour
rNeg   . . .     Faith    .     (no shield)
rPois  .         Spirit   .     (no helmet)
rElec  .         Reflect  .     o - +0 cloak
rCorr  .         Harm     .     (no gloves)
MR     .....                    (no boots)
Stlth  ++........               (no amulet)
                                (no ring)
                                (no ring)

@: no status effects
A: no striking features
a: Renounce Religion


You were on level 3 of the Dungeon.
You worshipped Vehumet.
Vehumet was noncommittal.
You were not hungry.

You visited 1 branch of the dungeon, and saw 3 of its levels.

You collected 169 gold pieces.

Inventory:

Hand Weapons
 j - a +1 dagger of flaming (weapon)
Armour
 a - a +0 robe
 e - a +0 leather armour (worn)
 o - a +0 cloak (worn)
Wands
 k - a wand of polymorph (12/24)
Scrolls
 h - a scroll of remove curse
 i - a scroll of teleportation
 m - a scroll of fear {unknown}
Potions
 f - a potion of invisibility
 g - a potion of ambrosia {unknown}
 n - a potion of flight {unknown}
 p - a potion of degeneration {unknown}
Books
 b - a book of Conjurations

   Spells                             Type                      Level
   a - Magic Dart                     Conjuration                  1
   b - Searing Ray                    Conjuration                  2
   c - Dazzling Spray                 Conjuration/Hexes            3
   d - Fulminant Prism                Conjuration/Hexes            4
   e - Iskenderun's Mystic Blast      Conjuration                  4
   f - Iskenderun's Battlesphere      Conjuration/Charms           5
Comestibles
 c - a bread ration
 d - 3 slices of pizza
 l - 2 chunks of flesh
 q - a meat ration


   Skills:
 + Level 0.0 Fighting
 + Level 0.1 Armour
 + Level 3.7 Dodging
 + Level 4.1 Stealth
 + Level 4.5 Spellcasting
 * Level 5.6 Conjurations


You had 3 spell levels left.
You knew the following spells:

 Your Spells              Type           Power        Failure   Level  Hunger
a - Magic Dart            Conj           ####         1%          1    None
b - Searing Ray           Conj           ####..       3%          2    #......
c - Dazzling Spray        Conj/Hex       ###...       21%         3    ##.....
d - Iskenderun's Mystic   Conj           ####....     21%         4    ####...


Dungeon Overview and Level Annotations

Branches:
Dungeon (3/15)

Altars:
Nemelex Xobeh
Vehumet


Message History

Beogh smites you!
Ouch! That really hurt!
* * * LOW HITPOINT WARNING * * *
Casting: Magic Dart
Confirm with . or Enter, or press ? or * to list all spells.
Aiming: Magic Dart
Press: ? - help, Shift-Dir - straight line, f - orc priest
Aim: an orc priest, wielding a club The magic dart hits the orc priest.
The orc priest is heavily wounded.
Casting: Magic Dart
Confirm with . or Enter, or press ? or * to list all spells.
Aiming: Magic Dart
Press: ? - help, Shift-Dir - straight line, f/p - orc priest
Aim: an orc priest, wielding a club (heavily wounded)
The magic dart hits the orc priest.
The orc priest is severely wounded.
The orc priest invokes the aid of Beogh against you.
Beogh smites you!
You die...

# #.# #.#.# ##.#..#
# #.######.#.# #<.#
#
#....##....####.##.
#
####.##...>........
# #.##...#.###.## #
#.######.....# #
#.######.##### #
#.##.....#
#.##@###.# #.##)#
#.# #.##.# #.#
#########.##o# #.#
#####............#
#.#
.......######.####
#.# #####..######.#
.# . #..o......#
..####.########


You could see an orc priest.

Vanquished Creatures
  Ijyb (D:2)
  A worker ant (D:3)
  A worker ant zombie (D:3)
  2 adders (D:2)
  6 gnolls (D:2)
  2 oozes
  A dart slug (D:1)
  A leopard gecko (D:3)
  5 orcs (D:3)
  2 giant cockroaches (D:1)
  7 goblins
  6 hobgoblins
  5 kobolds
  A quokka (D:2)
  7 bats
  2 frilled lizards
  4 rats
54 creatures vanquished.

Notes
Turn   | Place    | Note
-------+----------+-------------------------------------------
     0 | D:1      | raph the Deep Elf Conjurer began the quest for the Orb.
     0 | D:1      | Reached XP level 1. HP: 10/10 MP: 6/6
   369 | D:1      | Reached XP level 2. HP: 15/15 MP: 2/8
   424 | D:1      | Learned a level 2 spell: Searing Ray
  1220 | D:2      | Reached XP level 3. HP: 19/19 MP: 6/10
  1575 | D:2      | Reached skill level 5 in Conjurations
  1660 | D:2      | Reached XP level 4. HP: 18/24 MP: 5/11
  2048 | D:2      | Found a radiant altar of Vehumet.
  2051 | D:2      | Became a worshipper of Vehumet
  2188 | D:2      | Noticed Ijyb
  2195 | D:2      | Killed Ijyb
  2196 | D:2      | HP: 1/24 [gnoll/halberd (13)]
  2588 | D:2      | Learned a level 3 spell: Dazzling Spray
  2593 | D:2      | Learned a level 4 spell: Iskenderun's Mystic Blast
  2753 | D:2      | Reached XP level 5. HP: 28/28 MP: 6/13
  2858 | D:3      | Found a sparkling altar of Nemelex Xobeh.
  3418 | D:3      | Killed from afar by an orc priest

Skill      XL: |  1  2  3  4  5 |
---------------+----------------+-----
Stealth        | 3 4 |  4.1
Dodging        | 3 |  3.7
Conjurations   | 5 |  5.6
Spellcasting   | 4 |  4.5
Armour         | |  0.1

Action                   |  1- 3 |  4- 6 || total
-------------------------+-------+-------++-------
Melee: Spear             |     2 |       ||     2
       Dagger            |       |     3 ||     3
 Cast: Magic Dart        |    52 |    69 ||   121
       Searing Ray       |     2 |     5 ||     7
       Iskenderun's Myst |       |     3 ||     3
  Use: Scroll            |       |     4 ||     4
  Eat: Chunk             |     1 |     5 ||     6
       Beef jerky        |     1 |       ||     1
Armor: Robe              |     3 |       ||     3
       Leather armour    |       |     7 ||     7
Dodge: Dodged            |     7 |    14 ||    21
